 Dungeon Crawl Stone Soup version 0.31-a0-647-g38d6a14cb1 (webtiles) character file.

Game seed: 9221821945679809764

33 AdnanSaban the Covered (level 3, 0/23 HPs)
             Began as a Gargoyle Fighter on Aug 29, 2023.
             Killed from afar by Sigmund (10 damage)
             ... with a puff of flame
             ... on level 2 of the Dungeon.
             The game lasted 00:01:01 (861 turns).

AdnanSaban the Covered (Gargoyle Fighter)            Turns: 861, Time: 00:01:02

Health: 0/23       AC: 11    Str: 21    XL:     3   Next: 29%
Magic:  3/3        EV:  9    Int:  8    God:
Gold:   64         SH:  4    Dex:  9    Spells: 2/2 levels left

rFire   . . .        a - +0 flail
rCold   . . .        c - +0 buckler
rNeg    + . .        b - +0 scale mail
rPois   ∞            i - +0 helmet
rElec   +            (no cloak)
rCorr   .            (no gloves)
SInv    .            (no boots)
Will    .....        (no amulet) Stlth
                     (no ring)
HPRegen 0.23/turn    (no ring)
MPRegen 0.08/turn

%: no passive effects
@: no status effects
A: sickness immunity, AC +3, negative energy resistance 1, electricity
resistance, torment resistance 1, petrification resistance
a: no special abilities


You were on level 2 of the Dungeon.
You visited 1 branch of the dungeon, and saw 2 of its levels.

You collected 64 gold pieces.

Inventory:

Hand Weapons
 a - a +0 flail (weapon)
Armour
 b - a +0 scale mail (worn)
 c - a +0 buckler (worn)
 i - a +0 helmet (worn)
Scrolls
 h - a scroll of teleportation {unknown}
 j - a scroll of identify {unknown}
Potions
 d - a potion of might
 e - a potion of lignification {unknown}
 f - a potion of ambrosia {unknown}
 g - 2 potions of curing {unknown}


   Skills:
 + Level 3.5 Fighting
 + Level 2.4 Maces & Flails
 + Level 3.9 Armour
 + Level 0.2 Dodging
 + Level 3.5 Shields


You had 2 spell levels left.
You didn't know any spells.
Your spell library was empty.

Dungeon Overview and Level Annotations

Branches:
Dungeon (2/15)

Altars:

Annotations:
D:2 Sigmund


Innate Abilities, Weirdness & Mutations

You are immune to sickness and miasma.
Your stone body is resilient. (AC +3)
You are immune to poison.
You resist negative energy. (rN+)
You are resistant to electric shocks. (rElec)
You are resistant to unholy torment.
You are immune to petrification.


Message History

You are too injured to fight recklessly!
Sigmund is nearby!
You are too injured to fight recklessly!
Sigmund is nearby!
You are too injured to fight recklessly!
Sigmund is nearby!
You are too injured to fight recklessly!
Sigmund is nearby!
You are too injured to fight recklessly!
Sigmund is nearby!
You are too injured to fight recklessly!
Sigmund is nearby!
You are too injured to fight recklessly!
Sigmund is nearby!
You are too injured to fight recklessly!
Sigmund is nearby!
You are too injured to fight recklessly!
Sigmund is nearby!
You are too injured to fight recklessly!
Sigmund is nearby!
You are too injured to fight recklessly!
Sigmund is nearby!
You are too injured to fight recklessly!
Sigmund is nearby!
You are too injured to fight recklessly!
Sigmund is nearby!
You are too injured to fight recklessly!
Sigmund is nearby!
You are too injured to fight recklessly!
Sigmund is nearby!
You are too injured to fight recklessly!
Sigmund is nearby!
You are too injured to fight recklessly!
Sigmund hits you from afar with a +0 scythe.
* * * LOW HITPOINT WARNING * * *
Sigmund casts a spell at you.
The magic dart hits you but does no damage.
Sigmund zaps a wand.
The puff of flame hits you!
You die...
Sigmund begins carving another notch in his scythe.

#..############..
##.#..............
.######.###.###########. .
#......#.###.# . .##
.######.#.#>## . ...
##.###.###### .
#.#####.##........#######.
#.#.....#.#..............
##..@...@...####.########
# #......##.### #.<..#
.#.#.###.#### ####.# #
##.##.# #.# #.# . ..##.#
#.############.# #
#.##@###.##...........# #
####.#...##.##.########>.#
# #.@.........##.## #..# #
#.##.#...####...## #..#


You could see Sigmund.

Vanquished Creatures
  3 dart slugs (D:1)
  A bat (D:1)
  An endoplasm (D:2)
  5 goblins
  2 kobolds
  2 quokkas (D:1)
  4 ball pythons
  6 frilled lizards
  3 rats (D:1)
27 creatures vanquished.

Notes
Turn   | Place    | Note
-------+----------+-------------------------------------------
     0 | D:1      | AdnanSaban the Gargoyle Fighter began the quest for the
                  | Orb.
     0 | D:1      | Reached XP level 1. HP: 14/14 MP: 1/1
    42 | D:1      | Reached XP level 2. HP: 14/19 MP: 2/2
   334 | D:1      | Reached XP level 3. HP: 21/23 MP: 3/3
   475 | D:1      | Found a faded altar of an unknown god.
   838 | D:2      | Noticed Sigmund
   861 | D:2      | Killed from afar by Sigmund

Illustrated notes

Levels and vault maps discovered:
D:1:      grunt_arrival_crossed_arrows, layout_rooms,
          shapermc_ecumenical_altar_acropolis, hangedman_feature_mirror
D:2:      layout_loops_ring, uniq_sigmund

Action                     || total
---------------------------++-------
  Melee: Flail             ||    93
 Armour: Scale mail        ||    65
  Dodge: Dodged            ||    43
  Block: Buckler           ||    19

Table legend: (Time is in decaauts)
 A = Elapsed time spent in this place.
 B = Non-inter-level travel time spent in this place.
 C = Inter-level travel time spent in this place.
 D = Time resting spent in this place.
 E = Time spent auto-exploring this place.
 F = Levels seen in this place.
 G = Mean time per level.
                   A        B        C        D        E       F      G
               +--------+--------+--------+--------+--------+-----+--------+
         Total |    892 |    865 |     27 |      0 |    634 |   2 |  446.0 |
       Dungeon |    892 |    865 |     27 |      0 |    634 |   2 |  446.0 |
               +--------+--------+--------+--------+--------+-----+--------+

Top non-repeatable levels by time:
     D:1: 545 daAuts
     D:2: 346 daAuts
